Map: Glittering Ashes LE

Players

Pumba - Winner!

  • Race: Protoss Protoss
  • League: Gold
  • Spawn Location: 7:00

Tevye

  • Race: Zerg Zerg
  • League: Platinum
  • Spawn Location: 1:00

VOD

Have the link to the VOD?

Description

Time

  • Played on: Feb. 1, 2022, 7:40 p.m.
  • Length: 9:19
Show
View Real Time Build Order
Export as new Build Order

Pumba Protoss - Winner!

Build Orders: 1 Gate Expand, Colossus Rush 

Get SALT Encoding   

  12  0:00  Probe  
  13  0:12  Probe  
  14  0:20  Pylon  
  14  0:24  Probe  
  15  0:39  Probe (Chrono Boost)  
  15  0:40  Gateway  
  16  0:47  Assimilator  
  17  0:52  Probe (Chrono Boost)  
  17  0:56  Probe (Chrono Boost)  
  18  1:06  Probe  
  19  1:18  Probe  
  20  1:25  Nexus  
  20  1:34  Cybernetics Core  
  20  1:38  Probe  
  21  1:45  Assimilator  
  21  1:50  Probe  
  21  1:53  Pylon  
  22  2:02  Warp Gate, Probe  
  23  2:09  Stalker (Chrono Boost)  
  23  2:14  Probe  
  26  2:27  Probe  
  26  2:29  Robotics Facility  
  27  2:32  Adept  
  29  2:43  Probe x2 (Chrono Boost)  
  33  2:51  Probe (Chrono Boost)  
  33  2:53  Probe (Chrono Boost)  
  33  2:57  Probe  
  33  2:58  Gateway  
  33  3:01  Gateway  
  34  3:10  Stalker  
  34  3:11  Probe  
  34  3:12  Probe  
  38  3:21  Pylon  
  38  3:23  Observer (Chrono Boost), Probe  
  38  3:26  Probe  
  41  3:30  Assimilator  
  41  3:31  Assimilator  
  41  3:35  Probe  
  41  3:40  Probe  
  43  3:43  Robotics Bay  
  43  3:47  Probe  
  44  3:48  Immortal (Chrono Boost)  
  44  3:53  Probe  
  49  3:57  Pylon  
  49  3:59  Probe  
  50  4:05  Probe  
  50  4:07  Pylon  
  51  4:11  Probe  
  53  4:17  Probe, Pylon  
  53  4:25  Probe  
  54  4:32  Probe  
  54  4:38  Probe  
  56  4:39  Colossus (Chrono Boost)  
  62  4:45  Sentry x2  
  62  4:46  Sentry  
  62  4:48  Probe  
  62  4:50  Pylon  
  69  5:34  Colossus (Chrono Boost)  
  69  5:36  Sentry x2  
  69  5:38  Sentry  
  69  5:42  Extended Thermal Lance (Chrono Boost)  
  81  5:44  Gateway  
  81  5:46  Gateway  
  81  5:48  Gateway x2, Pylon  
  81  5:49  Gateway  
  81  5:52  Pylon  
  81  5:53  Pylon  
  81  6:00  Stalker x2  
  85  6:13  Stalker  
  85  6:18  Warp Prism (Chrono Boost)  
  89  6:21  Pylon  
  89  6:23  Pylon  
  89  6:27  Pylon  
  89  6:31  Stalker x2  
  93  6:33  Pylon  
  93  6:48  Stalker x6  
  101  7:19  Stalker x2  
  101  7:20  Stalker x5  
  109  7:57  Sentry x6  
  121  8:00  Stalker  
  101  8:36  Stalker x6  
  101  8:37  Stalker x2  
Show
View Real Time Build Order
Export as new Build Order

Tevye Zerg 

Build Orders: Hatch First 

Get SALT Encoding   

  12  0:00  Drone  
  13  0:12  Overlord  
  13  0:17  Drone  
  14  0:32  Drone x2  
  16  0:49  Hatchery  
  15  0:52  Drone  
  15  0:56  Drone  
  17  1:00  Drone  
  18  1:10  Extractor  
  17  1:15  Spawning Pool  
  17  1:18  Drone  
  17  1:24  Drone  
  18  1:29  Drone  
  19  1:39  Drone  
  20  1:49  Overlord  
  20  2:02  Queen x2  
  20  2:03  Zergling x2  
  20  2:04  Drone  
  26  2:17  Drone x2  
  28  2:25  Metabolic Boost  
  28  2:34  Drone x2  
  30  2:46  Drone x3  
  30  2:47  Overlord  
  30  2:48  Hatchery  
  32  2:55  Queen  
  34  3:02  Overlord  
  34  3:04  Drone  
  34  3:05  Drone  
  36  3:11  Queen  
  38  3:15  Drone  
  39  3:29  Drone x3  
  39  3:30  Drone x3  
  45  3:35  Roach Warren  
  45  3:36  Extractor  
  45  3:39  Lair  
  43  3:48  Overlord x2  
  43  3:49  Drone  
  43  4:00  Drone x3  
  46  4:03  Drone  
  47  4:30  Roach x2  
  47  4:31  Roach x10  
  71  4:36  Overlord x2  
  71  4:41  Drone  
  71  4:43  Drone x2, Extractor  
  73  4:54  Drone  
  73  4:55  Overlord  
  73  4:56  Overlord x3  
  74  5:03  Roach x3  
  80  5:07  Overlord  
  80  5:18  Overseer  
  80  5:23  Queen  
  80  5:24  Queen  
  80  5:25  Overlord  
  80  5:26  Overlord  
  80  5:28  Ravager x3  
  86  5:30  Zergling x6  
  90  5:45  Zergling x10  
  90  5:46  Zergling x2  
  90  5:49  Roach x4  
  104  5:55  Glial Reconstitution  
  104  6:00  Baneling Nest  
  105  6:18  Ravager x2  
  105  6:20  Roach x2  
  109  6:38  Zergling x16  
  108  7:09  Roach x4  
  108  7:10  Roach x9  
  114  7:23  Zergling x6  
  106  7:32  Roach x3  
  101  7:40  Ravager x3  
  101  7:43  Zergling x10  
  109  8:04  Roach x6  
  119  8:13  Roach  
  71  8:35  Roach x9  
Tags
 
Add a new tag
Caveats
  • Supply blocks, unpowered buildings, or Contaminate may cause inaccurate times.
  • Supply counts are checked every 10 seconds.